 Dungeon Crawl Stone Soup version 0.27.0-1-g7a089689b8 (webtiles) character file.

Game seed: 275669078657810906

2 MajorAdolf the Gusty (level 1, -4/15 HPs)
             Began as a Naga Wanderer on Aug 13, 2021.
             Frozen to death by an endoplasm (5 damage)
             ... on level 1 of the Dungeon.
             The game lasted 00:00:39 (226 turns).

MajorAdolf the Gusty (Naga Wanderer)                 Turns: 226, Time: 00:00:40

Health: -4/15      AC:  1    Str: 12    XL:     1   Next: 40%
Magic:  3/3        EV:  9    Int: 18    God:
Gold:   7          SH:  0    Dex:  6    Spells: 3/4 levels left

rFire    . . .     SeeInvis +   a - +0 club
rCold    . . .     Faith    .   (no shield)
rNeg     . . .     Spirit   .   b - +0 robe
rPois    +         Reflect  .   (no helmet)
rElec    .         Harm     .   (no cloak)
rCorr    .         Rampage  .   (no gloves)
Will     .....                  (no barding)
Stlth    +.........             c - amulet of the acrobat
HPRegen  0.05/turn              (no ring)
MPRegen  0.08/turn              (no ring)

@: short of breath, very slow
A: AC +0, large, see invisible, deformed body, poison resistance, slowness 2,
spit poison 1, naga tail 1
a: Spit Poison


You were on level 1 of the Dungeon.
You visited 1 branch of the dungeon, and saw 1 of its levels.

You collected 7 gold pieces.

Inventory:

Hand Weapons
 a - a +0 club (weapon)
Armour
 b - a +0 robe (worn)
Jewellery
 c - an amulet of the acrobat (around neck)
Potions
 d - a potion of degeneration {unknown}


   Skills:
 + Level 0.2 Fighting
 + Level 1.7 Stealth
 + Level 2.0 Spellcasting
 - Level 1.0 Summonings
 + Level 1.1 Ice Magic
 - Level 4.0 Air Magic
 - Level 1.0 Evocations


You had 3 spell levels left.
You knew the following spells:

 Your Spells              Type           Power      Damage    Failure   Level
a - Freeze                Ice            20%        1d4       12%         1

Your spell library contained the following spells:

 Spells                   Type           Power      Damage    Failure   Level
 Shock                    Conj/Air       36%        1d5       8%          1
 Swiftness                Air            16%        N/A       11%         3
 Summon Small Mammal      Summ           20%        N/A       12%         1
 Static Discharge         Conj/Air       9%         N/A       12%         2
 Call Canine Familiar     Summ           5%         N/A       34%         3
 Ozocubu's Armour         Ice            5%         N/A       34%         3
 Airstrike                Air            8%         N/A       34%         4


Dungeon Overview and Level Annotations

Branches:
Dungeon (1/15)

Altars:


Innate Abilities, Weirdness & Mutations

Your serpentine skin is tough. (AC +0)
You have supernaturally acute eyesight. (SInv)
Armour fits poorly on your strangely shaped body.
Your system is resistant to poisons. (rPois)
You cover ground very slowly.
You can spit poison.
You have a snake-like lower body.


Message History

You feel ready to tumble and roll out of harm's way.
c - an amulet of the acrobat (around neck)
The splash of poison hits the ball python!
You kill the ball python!
d - a dark potion You see here a ball python corpse.
You have got your breath back.
A kobold comes into view. It is wielding a +0 club.
A kobold is nearby!
A kobold is nearby!
An endoplasm comes into view.
The kobold shouts!
The kobold throws a stone.
The stone closely misses you.
Found 17 gold pieces.
The splash of poison hits the kobold.
The kobold is moderately wounded.
The kobold throws a stone.
The stone barely misses you.
The kobold throws a stone.
The stone completely misses you.
The kobold throws a stone.
The stone closely misses you.
You have got your breath back.
You hit the endoplasm but do no damage. The endoplasm hits you. x2
You hit the endoplasm but do no damage. The endoplasm hits you.
You hit the endoplasm.
The endoplasm is heavily wounded.
The endoplasm hits you but does no damage.
Press: ? - help, Shift-Dir - straight line, f - endoplasm
Aim: an endoplasm (heavily wounded)
The splash of poison hits the endoplasm.
The endoplasm is severely wounded.
The endoplasm freezes you.
You are frozen.
* * * LOW HITPOINT WARNING * * *
You hit the endoplasm.
The endoplasm is almost dead.
The endoplasm freezes you.
You are frozen.
* * * LOW HITPOINT WARNING * * *
The endoplasm freezes you.
You are frozen.
You die...

.......).#####
######.......###
......###......## .#
.........###....# .#
######......#...## $#
###.....#...# .##
##....#...###..##
##....#...J.....#
###.....#..@#..(..#
######......#...###J...#
..<......###....# #....#
......###......##
#.JK.....
######.......###
#........ .........#####
###...... ##########
#..... ..... .....


You could see an endoplasm.

Vanquished Creatures
  A goblin (D:1)
  2 ball pythons (D:1)
3 creatures vanquished.

Notes
Turn   | Place    | Note
-------+----------+-------------------------------------------
     0 | D:1      | MajorAdolf the Naga Wanderer began the quest for the Orb.
     0 | D:1      | MajorAdolf set off with the following items: a +0 club, a
                  | +0 robe; and the following spells available to memorise:
                  | Shock, Swiftness, Freeze, Summon Small Mammal, Static
                  | Discharge, Call Canine Familiar, Ozocubu's Armour,
                  | Airstrike
     0 | D:1      | Reached XP level 1. HP: 15/15 MP: 3/3
     2 | D:1      | Learned a level 1 spell: Freeze
   226 | D:1      | Frozen to death by an endoplasm

Illustrated notes

Levels and vault maps discovered:
D:1:      dpeg_arrival_oval, layout_basic, kennysheep_doodads,
          minmay_heptomino_h4

Action                   || total
-------------------------++-------
Melee: Club              ||     4
 Abil: Spit Poison       ||     5
Armor: Robe              ||     2
Dodge: Dodged            ||     4
